 Dungeon Crawl Stone Soup version 0.29.1-15-g9cfb28693d (webtiles) character file.

Game seed: 7573410711730956896

44 hawla the Firebug (level 4, -5/33 HPs)
             Began as a Meteoran Wanderer on Apr 5, 2023.
             Slain by Eustachio
             ... wielding a +0 rapier
              (9 damage)
             ... on level 4 of the Dungeon.
             The game lasted 00:03:49 (885 turns).

hawla the Firebug (Meteoran Wanderer)                Turns: 885, Time: 00:03:49

Health: -5/33      AC:  4    Str: 19    XL:     4   Next: 8%
Magic:  8/9        EV: 11    Int: 13    God:
Gold:   38         SH:  0    Dex: 15    Spells: 7/9 levels left

rFire   . . .      SeeInvis .   a - +2 spear
rCold   . . .      Faith    .   (no shield)
rNeg    . . .      Spirit   .   e - +0 leather armour
rPois   .          Reflect  .   h - +0 helmet "Uxyha" {Dex+5}
rElec   .          Harm     .   (no cloak)
rCorr   .          Rampage  .   (no gloves)
Will    .....                   (no boots)
Stlth   +.........              (no amulet)
HPRegen 0.11/turn               (no ring)
MPRegen 0.11/turn               (no ring)

@: brilliant, glowing
A: sense surroundings 1, otherworldly, glowing, explore regen
a: no special abilities


You were on level 4 of the Dungeon.
You visited 1 branch of the dungeon, and saw 4 of its levels.

You collected 38 gold pieces.

Inventory:

Hand Weapons
 a - a +2 spear (weapon)
Missiles
 b - 21 poisoned darts (quivered)
 c - 6 atropa-tipped darts
Armour
 e - a +0 leather armour (worn)
 h - the +0 helmet "Uxyha" (worn) {Dex+5}
   (You found it on level 4 of the Dungeon)

   Dex:       It affects your dexterity (+5).
Wands
 f - a wand of flame (18)
Scrolls
 d - a scroll of fear


   Skills:
 - Level 3.0 Polearms
 - Level 2.7 Throwing
 - Level 1.2 Dodging
 - Level 1.2 Stealth
 - Level 3.1 Spellcasting
 + Level 0.4 Translocations
 - Level 3.4 Fire Magic


You had 7 spell levels left.
You knew the following spells:

 Your Spells              Type           Power      Damage    Failure   Level
a - Foxfire               Conj/Fire      36%        2x1d5     13%         1
b - Apportation           Tloc           8%         N/A       22%         1

Your spell library contained the following spells:

 Spells                   Type           Power      Damage    Failure   Level
 Conjure Flame            Conj/Fire      9%         6-21      36%         3
 Alistair's Intoxication  Tmut/Pois      2%         N/A       100%        5


Dungeon Overview and Level Annotations

Branches:
Dungeon (4/15) Zot: 1517
 Temple: D:4-7

Altars:
Hepliaklqana
Sif Muna

Annotations:
D:4 Eustachio


Innate Abilities, Weirdness & Mutations

You passively map a small area around you.
You are easily found by Zot.
You glow in the dark.
You regain HP and MP as you explore.


Message History

Eustachio is moderately wounded.
The bat barely misses you. The bat hits you but does no damage.
The iron imp hits you. Eustachio completely misses you.
The quasit bites you but does no damage.
The quasit claws you. The quasit closely misses you.
You hit Eustachio.
Eustachio is moderately wounded.
The bat barely misses you. The bat hits you but does no damage.
The ufetubus hits you. The ufetubus misses you. The quasit barely misses you.
The quasit claws you but does no damage.
The quasit closely misses you.
The ufetubus hits you but does no damage.
The ufetubus closely misses you. Eustachio closely misses you.
You completely miss Eustachio.
Eustachio is moderately wounded.
The bat hits you but does no damage. x2
The iron imp disappears for a moment.
The iron imp hits you. The ufetubus hits you.
The ufetubus hits you but does no damage.
The quasit closely misses you. The quasit claws you. x2
The bat hits you but does no damage.
Aiming: Throw Flame
Press: ? - help, Shift-Dir - straight line, f/p - Eustachio
Aim: Eustachio, wielding a +0 rapier and wearing a +0 leather armour (moderately wounded, 56% to hit)
The puff of flame hits Eustachio.
Eustachio is heavily wounded.
The bat hits you but does no damage. The bat closely misses you.
The ufetubus hits you but does no damage.
The ufetubus hits you. Eustachio hits you with a +0 rapier.
* * * LOW HITPOINT WARNING * * *
The quasit misses you. x2; The quasit closely misses you.
The iron imp hits you.
* * * LOW HITPOINT WARNING * * *
The ufetubus hits you but does no damage.
The ufetubus misses you.
It was a potion of brilliance.
You feel clever all of a sudden. The bat hits you but does no damage.
The quasit barely misses you.
The quasit claws you but does no damage. x2
Eustachio hits you with a +0 rapier!
You die...

#.....*#..######......#
#..... #.....# #......#
#..... #.###.##########
#....##.# #..########.
###.....#.# ##.......##.
,........#.# ###........
, ........#.# #.###.##.
......5b..# ##'###....
......5@b.# #......... *
......@5..# #......... ,
,.....##'#.#####?........
.... #.#.....†......... *
+## ..################
#### , , * , , * * * * ,
** ,, , , , , , , ,, , ,
,, ,


You could see Eustachio, an iron imp (summoned), a quasit (summoned), an
ufetubus (summoned) and 2 bats.

Vanquished Creatures
  3 adders
  2 endoplasms
  2 giant cockroaches (D:4)
  A goblin (D:1)
  3 hobgoblins
  A quokka (D:3)
  2 ball pythons
  2 kobolds
  2 rats
18 creatures vanquished.

Vanquished Creatures (others)
  24 foxfires
24 creatures vanquished.

Grand Total: 42 creatures vanquished

Notes
Turn   | Place    | Note
-------+----------+-------------------------------------------
     0 | D:1      | hawla the Meteoran Wanderer began the quest for the Orb.
     0 | D:1      | hawla set off with the following items: a +2 spear, 13
                  | poisoned darts, a +0 dagger, a scroll of fear, a +0 leather
                  | armour; and the following spell memorised: Foxfire; and the
                  | following spells available to memorise: Conjure Flame.
     0 | D:1      | Reached XP level 1. HP: 14/14 MP: 5/5
    80 | D:2      | Reached XP level 2. HP: 20/20 MP: 1/6
   249 | D:3      | Reached XP level 3. HP: 25/26 MP: 8/8
   743 | D:4      | Reached XP level 4. HP: 33/33 MP: 5/9
   757 | D:4      | Learned a level 1 spell: Apportation
   782 | D:4      | Noticed Eustachio
   829 | D:4      | Found a hazy altar of Hepliaklqana.
   830 | D:4      | Found a shimmering blue altar of Sif Muna.
   846 | D:4      | Identified the +0 helmet "Uxyha" {Dex+5}
   885 | D:4      | Slain by Eustachio

Illustrated notes

Levels and vault maps discovered:
D:1:      dpeg_arrival_boxes_within_box, layout_basic,
          dilly_ecumenical_altar_fadedgnrine, st_stairs_11, dk_noncrumbling_4
D:2:      layout_basic, fountainhead
D:3:      layout_basic, corexii_item_surrounded_by_moat
D:4:      minmay_goblin_kobold_castle, layout_basic,
          chequers_temple_overflow_statue_of_worship, serial_shops,
          kennysheep_little_box, portal_sewer_entry_e, uniq_eustachio

Skill      XL: |  1  2  3 |
---------------+----------+-----
Spellcasting   | 3 |  3.1
Polearms       | 3 |  3.0
Fire Magic     | 3 |  3.4
Throwing       | |  2.7
Dodging        | |  1.2
Stealth        | |  1.2
Translocations | |  0.4

Action                   |  1- 3 |  4- 6 || total
-------------------------+-------+-------++-------
Melee: Spear             |    38 |    19 ||    57
 Cast: Foxfire           |    11 |     3 ||    14
Evoke: Wand              |       |     1 ||     1
  Use: Scroll            |       |     2 ||     2
       Potion            |       |     1 ||     1
Armor: Leather armour    |     7 |    26 ||    33
Dodge: Dodged            |    14 |    38 ||    52
